 Dungeon Crawl Stone Soup version 0.21-a0-584-g185da8e (webtiles) character file.

66 Lanoc the Skirmisher (level 4, -1/43 HPs)
             Began as a Gargoyle Abyssal Knight on Dec 22, 2017.
             Was a Believer of Lugonu.
             Slain by a sky beast (3 damage)
             ... on level 3 of the Dungeon.
             The game lasted 00:04:07 (1898 turns).

Lanoc the Skirmisher (Gargoyle Abyssal Knight)      Turns: 1898, Time: 00:04:07

Health: -1/43      AC:  6    Str: 25    XL:     4   Next: 15%
Magic:  6/6        EV: 11    Int: 13    God:    Lugonu [**....]
Gold:   214        SH:  0    Dex:  9    Spells: 3/3 levels left

rFire    . . .     SeeInvis .   a - +1 mace
rCold    . . .     Gourm    .   (no shield)
rNeg     + . .     Faith    .   b - +0 leather armour
rPois    ∞         Spirit   .   (no helmet)
rElec    +         Reflect  .   (no cloak)
rCorr    .         Harm     .   (no gloves)
MR       .....                  (no boots)
Stlth    ..........             (no amulet)
HPRegen  0.14/turn              j - +4 ring of strength
MPRegen  0.10/turn              (no ring)

@: berserking, very quick
A: negative energy resistance 1, electricity resistance, unbreathing,
petrification resistance, rot immunity, AC +3
a: Depart the Abyss, Bend Space, Renounce Religion


You were on level 3 of the Dungeon.
You worshipped Lugonu.
Lugonu was pleased with you.
You were hungry.

You visited 1 branch of the dungeon, and saw 3 of its levels.
You visited the Abyss 1 time.

You collected 214 gold pieces.

Inventory:

Hand Weapons
 a - a +1 mace (weapon)
Missiles
 d - 15 arrows
 e - 19 bolts
Armour
 b - a +0 leather armour (worn)
Jewellery
 j - a +4 ring of strength (left hand)
Scrolls
 f - 4 scrolls of identify {unknown}
 g - a scroll of immolation {unknown}
 h - a scroll of teleportation {unknown}
 i - a scroll of remove curse {unknown}
 l - 2 scrolls of blinking {unknown}
 n - a scroll of amnesia {unknown}
Potions
 k - a potion of mutation {unknown}
 m - a potion of curing
 p - a potion of ambrosia {unknown}
Comestibles
 c - 3 rations
 q - 2 chunks of flesh


   Skills:
 + Level 3.8 Fighting
 + Level 2.6 Maces & Flails
 + Level 2.8 Armour
 + Level 1.4 Dodging
 + Level 2.7 Invocations


You had 3 spell levels left.
You didn't know any spells.

Dungeon Overview and Level Annotations

Branches:
Dungeon (3/15)

Altars:
Cheibriados


Innate Abilities, Weirdness & Mutations

You are resistant to torment.
Your stone body is resilient. (AC +3)
You are immune to poison.
You resist negative energy. (rN+)
You are resistant to electric shocks. (rElec)
You can survive without breathing.
You are immune to petrification.
You are immune to rotting.


Message History

Something shocks you. You resist.
* * * LOW HITPOINT WARNING * * *
It was a potion of curing.
You feel better. Something hits you.
* * * LOW HITPOINT WARNING * * *
Something shocks you. You resist.
* * * LOW HITPOINT WARNING * * *
It was a potion of berserk rage.
A red film seems to cover your vision as you go berserk!
You feel yourself moving faster!
You feel mighty! Something hits you.
* * * LOW HITPOINT WARNING * * *
Something shocks you. You resist.
* * * LOW HITPOINT WARNING * * *
You closely miss something. Something hits you.
* * * LOW HITPOINT WARNING * * *
Something shocks you. You resist.
* * * LOW HITPOINT WARNING * * *
You barely miss something. Something hits you but does no damage.
You sock something! You barely miss something. Something hits you.
You die... ######.#.# #{@......# #.####.#.. #. #. #. ##

There were no monsters in sight!

Vanquished Creatures
  2 adders (D:2)
  2 worms (D:2)
  2 dart slugs (D:1)
  2 giant cockroaches (D:2)
  6 goblins
  3 hobgoblins
  3 jackals (D:2)
  7 kobolds
  A quokka (D:2)
  3 bats
  4 frilled lizards
  3 rats
  2 plants (D:1)
40 creatures vanquished.

Notes
Turn   | Place    | Note
-------+----------+-------------------------------------------
     0 | Abyss:1  | Lanoc the Gargoyle Abyssal Knight began the quest for the Orb.
     0 | Abyss:1  | Reached XP level 1. HP: 14/14 MP: 2/2
    47 | D:1      | Escaped the Abyss
    82 | D:1      | Reached * piety under Lugonu
   207 | D:1      | Reached skill level 1 in Dodging
   207 | D:1      | Reached XP level 2. HP: 12/19 MP: 3/3
   815 | D:2      | Reached XP level 3. HP: 16/23 MP: 4/4
  1091 | D:2      | Reached ** piety under Lugonu
  1094 | D:2      | Reached XP level 4. HP: 6/29 MP: 5/5
  1453 | D:2      | Found a snail-covered altar of Cheibriados.
  1872 | D:3      | Noticed a sky beast
  1895 | D:3      | HP: 2/43 [something (2)]
  1898 | D:3      | Slain by a sky beast

Vault maps used:
D:1:      roderic_crop_circles_arrival_small
D:2:      lemuel_round_altar
D:3:      nicolae_overflow_hidden_temple, lemuel_round_altar, first_ration

Skill      XL: |  1 |
---------------+----+-----
Dodging        | 1 |  1.4
Fighting       | |  3.8
Maces & Flails | |  2.6
Armour         | |  2.8
Invocations    | |  2.7

Action                   |  1- 3 |  4- 6 || total
-------------------------+-------+-------++-------
Melee: Mace              |   162 |    45 ||   207
Invok: Depart the Abyss  |     1 |       ||     1
  Use: Potion            |       |     2 ||     2
  Eat: Chunk             |     1 |     2 ||     3
Armor: Leather armour    |    53 |    16 ||    69
Dodge: Dodged            |    66 |    16 ||    82

Table legend:
 A = Spawn XP
 B = Non-spawn XP
 C = Spawn XP percentage of total XP
 D = Spawn monster count
 E = Non-spawn monster count
 F = Spawn count percentage of total count
 G = Total turns spent on level
                    A         B        C        D         E        F      G
               +---------+---------+-------+---------+---------+-------+---------
         Total |       0 |      95 |   0.0 |       0 |      38 |   0.0 |  1898
               +---------+---------+-------+---------+---------+-------+---------
           D:1 |       0 |      26 |   0.0 |       0 |      14 |   0.0 |   687
           D:2 |       0 |      69 |   0.0 |       0 |      24 |   0.0 |  1138
               +---------+---------+-------+---------+---------+-------+---------
